 Dungeon Sprint DCSS version 0.32-a0-932-g546787307d (webtiles) character file.

Game seed: 6875384987546164235

2425 Conn the Destroyer (level 9, -8/96 HPs)
             Began as an Octopode Fire Elementalist on Apr 14, 2024.
             Was a High Priest of Sif Muna.
             Mangled by an efreet
             ... wielding a +4 scimitar of flaming
              (15 damage)
             ... in the Dungeon (Sprint VII: "The Pits").
             The game lasted 00:11:52 (1410 turns).

Conn the Destroyer (Octopode Fire Elementalist)     Turns: 1410, Time: 00:11:52

Health: -8/96      AC: 11    Str:  7    XL:     9   Next: 48%
Magic:  16/22      EV: 15    Int: 22    God:    Sif Muna [*****.]
Gold:   0          SH:  0    Dex: 15    Spells: 3/26 levels left

rFire   . . .        l - +1 quarterstaff (protect)
rCold   . . .        (shield currently unavailable)
rNeg    . . .        (helmet restricted)
rPois   .            (no amulet)
rElec   .            p - +3 ring of dexterity
rCorr   .            q - +3 ring of protection
SInv    .            (no ring)
Will    .....        (no ring) Stlth
                     (no ring)
HPRegen 0.36/turn    (no ring)
MPRegen 0.18/turn    (no ring)
                     (no ring)

%: no teleportation
@: berserking (expiring), under a protective aura, hasted, very quick
A: almost no armour, amphibious, 8 rings, camouflage 1, gelatinous body 1,
(nimble swimmer 1), tentacles
a: Renounce Religion, Channel Magic, Forget Spell, Divine Exegesis


You were in the Dungeon.
You worshipped Sif Muna.
Sif Muna was extremely pleased with you.
You visited 1 branch

Inventory:

Hand Weapons
 g - a +2 falchion
 l - a +1 quarterstaff of protection (weapon)
 n - a +2 mace of protection
Armour
 o - a +0 buckler
Jewellery
 p - a +3 ring of dexterity (left tentacle)
 q - a +3 ring of protection (right tentacle)
Wands
 m - a wand of flame (15)
Scrolls
 f - a scroll of blinking
 i - 2 scrolls of vulnerability
 j - 5 scrolls of amnesia
Potions
 a - 5 potions of magic
 b - 5 potions of curing
 c - 14 potions of heal wounds
 d - a potion of haste
 e - 4 potions of berserk rage
 h - 2 potions of invisibility


   Skills:
 + Level 7.1 Fighting
 + Level 3.0 Staves
 + Level 7.5 Dodging
 - Level 8.5 Stealth
 * Level 4.2 Shields
 * Level 9.4 Spellcasting
 * Level 10.0 Conjurations
 - Level 3.0 Hexes
 + Level 2.8 Summonings
 + Level 7.6 Fire Magic
 + Level 2.9 Ice Magic
 + Level 4.0 Invocations


You had 3 spell levels left.
You knew the following spells:

 Your Spells              Type           Power      Damage    Failure   Level
a - Foxfire               Conj/Fire      100%       2x1d9     1%          1
b - Scorch                Fire           86%        2d8       1%          2
c - Inner Flame           Hex/Fire       33%        N/A       2%          3
d - Flame Wave            Conj/Fire      49%        2d12      1%          4
e - Summon Ice Beast      Ice/Summ       23%        N/A       6%          3
f - Orb of Destruction    Conj           26%        9d9       65%         7
g - Dazzling Flash        Conj/Hex       78%        N/A       1%          3

Your spell library contained the following spells:

 Spells                   Type           Power      Damage    Failure   Level
 Shock                    Conj/Air       100%       1d9       1%          1
 Summon Small Mammal      Summ           88%        N/A       1%          1
 Volatile Blastmotes      Fire/Tloc      54%        2d14      4%          3
 Call Canine Familiar     Summ           22%        N/A       6%          3
 Summon Blazeheart Golem  Fire/Summ      33%        N/A       8%          4
 Ignite Poison            Fire/Alch      27%        N/A       14%         4
 Cause Fear               Hex            11%        N/A       19%         4
 Anguish                  Hex/Necr       8%         N/A       34%         4
 Dimensional Bullseye     Hex/Tloc       8%         N/A       34%         4
 Airstrike                Air            5%         2d(1-17)  54%         4
 Olgreb's Toxic Radiance  Alch           10%        N/A       54%         4
 Vhi's Electric Charge    Tloc/Air       20%        N/A       54%         4
 Lehudib's Crystal Spear  Conj/Erth      16%        10d5      100%        8


Dungeon Overview and Level Annotations

Branches:
Dungeon (1/1)

Altars:
Ashenzari
Cheibriados
Dithmenos
Elyvilon
Fedhas
Gozag
Hepliaklqana
Kikubaaqudgha
Makhleb
Nemelex Xobeh
Okawaru
Qazlal
Ru
Sif Muna
Trog
Uskayaw
Vehumet
Wu Jian
Xom
Yredelemnul
Zin
The Shining One
Beogh
Jiyva
Lugonu


Innate Abilities, Weirdness & Mutations

You cannot wear most types of armour.
You are amphibious.
You can wear up to eight rings at the same time.
Your skin changes colour to match your surroundings (Stealth+).
Your rubbery body absorbs attacks. (AC +1, EV +1)
((You are camouflaged when in or above water. (Stealth+)))
You have tentacles for arms and can constrict up to eight enemies at once.


Message History

The efreet hits you with a +4 scimitar of flaming!
The efreet burns you.
An orc priest opens the door.
The orc wizard gestures wildly while chanting.
The orc wizard flickers and vanishes!
Deactivating autopickup; reactivate with Ctrl-A.
Unknown command.
You barely miss the efreet.
The orc priest shouts!
You squeeze the efreet.
The efreet is lightly wounded.
You hear a bellow!
The efreet gestures at you. The bolt of fire hits you!
* * * LOW HITPOINT WARNING * * *
A tyrant leech comes into view.
Unknown command.
Unknown command.
You hit the efreet but do no damage.
Your weapon exudes an aura of protection.
The efreet is lightly wounded.
Unknown command.
You hit the efreet but do no damage.
The efreet is lightly wounded.
The efreet barely misses you.
You sock the efreet!
The efreet is heavily wounded.
The efreet hits you but does no damage.
You barely miss the efreet.
The efreet is heavily wounded.
You hit the efreet.
The efreet is heavily wounded.
The efreet gestures at you.
The fireball explodes!
The fireball engulfs you!
* * * LOW HITPOINT WARNING * * *
The fireball engulfs the efreet.
The efreet completely resists.
Unknown command.
You hit the efreet. You squeeze the efreet!
The efreet is almost dead.
The efreet hits you with a +4 scimitar of flaming!
You die...

##.......##''#####
##.......##......#
##.......##......#
##...<...###)...## ###
##.......# ##''## ###..+
##.......###....###....#
##.......##......#....##
###########.).)..Ro...o.
###########.....@#.○..#
)...#..[[###....###....#
))..#..[[# ##''##
###.R○o.
))..'..))###....## ###o.
))..#..))##......# °..
))..#..))##......# o.
##################


You could see an efreet, an orc priest and an orc.

Vanquished Creatures
  An orc sorcerer (D)
  A kobold demonologist (D)
  2 freezing wraiths (D)
  A glass eye (D)
  A wyvern (D)
  A water moccasin (D)
  A laughing skull (D)
  2 kobold brigands (D)
  A gnoll sergeant (D)
  3 scorpions (D)
  A crimson imp (D)
  Crazy Yiuf (D)
  An orc priest (D)
  A gnoll bouda (D)
  An iguana (D)
  Terence (D)
  An orc wizard (D)
  10 gnolls (D)
  An ufetubus (D)
  4 orcs (D)
  A ball python (D)
  A bat (D)
  A bat skeleton (D)
  A hobgoblin (D)
  2 quokkas (D)
  A frilled lizard (D)
  4 kobolds (D)
47 creatures vanquished.

Vanquished Creatures (collateral kills)
  A crimson imp (D)
1 creature vanquished.

Vanquished Creatures (others)
  41 foxfires (D)
41 creatures vanquished.

Grand Total: 89 creatures vanquished

Notes
Turn   | Place    | Note
-------+----------+-------------------------------------------
     0 | D        | Conn the Octopode Fire Elementalist began the quest for the
                  | Orb.
     0 | D        | Reached XP level 1. HP: 11/11 MP: 3/3
    10 | D        | Noticed a glass eye
    21 | D        | Killed a glass eye
    22 | D        | Reached skill level 5 in Spellcasting
    22 | D        | Reached skill level 5 in Conjurations
    22 | D        | Reached XP level 2. HP: 22/22 MP: 0/8
    22 | D        | Reached XP level 3. HP: 27/27 MP: 0/9
    22 | D        | Reached XP level 4. HP: 33/33 MP: 0/11
    22 | D        | Reached XP level 5. HP: 37/37 MP: 0/12
    25 | D        | Learned a level 2 spell: Scorch
    29 | D        | Learned a level 3 spell: Inner Flame
    34 | D        | Learned a level 4 spell: Flame Wave
    68 | D        | Found a bloodstained altar of Trog.
    68 | D        | Found a shimmering blue altar of Sif Muna.
    68 | D        | Found a viscous altar of Jiyva.
    68 | D        | Found a hazy altar of Hepliaklqana.
    68 | D        | Found an opulent altar of Gozag.
    69 | D        | Found a glowing golden altar of the Shining One.
    69 | D        | Found a glowing silver altar of Zin.
    69 | D        | Found a basalt altar of Yredelemnul.
    69 | D        | Found a shimmering altar of Xom.
    69 | D        | Found an ornate altar of the Wu Jian Council.
    69 | D        | Found a sacrificial altar of Ru.
    69 | D        | Found a stormy altar of Qazlal.
    69 | D        | Found an iron altar of Okawaru.
    69 | D        | Found a sparkling altar of Nemelex Xobeh.
    69 | D        | Found a burning altar of Makhleb.
    69 | D        | Found a blossoming altar of Fedhas.
    69 | D        | Found a white marble altar of Elyvilon.
    69 | D        | Found a shadowy altar of Dithmenos.
    69 | D        | Found a snail-covered altar of Cheibriados.
    71 | D        | Found a corrupted altar of Lugonu.
    71 | D        | Found a radiant altar of Vehumet.
    71 | D        | Found a roughly hewn altar of Beogh.
    72 | D        | Found an ancient bone altar of Kikubaaqudgha.
    72 | D        | Found a hide-covered altar of Uskayaw.
    72 | D        | Found a broken altar of Ashenzari.
    73 | D        | Became a worshipper of Sif Muna the Loreminder
   143 | D        | Reached * piety under Sif Muna
   155 | D        | Reached skill level 6 in Conjurations
   155 | D        | Reached skill level 5 in Fire Magic
   155 | D        | Reached XP level 6. HP: 43/43 MP: 3/14
   242 | D        | Noticed Crazy Yiuf
   249 | D        | Reached ** piety under Sif Muna
   254 | D        | Reached skill level 5 in Dodging
   380 | D        | Killed Crazy Yiuf
   490 | D        | Noticed a water moccasin
   493 | D        | Reached *** piety under Sif Muna
   493 | D        | Killed a water moccasin
   494 | D        | Reached skill level 5 in Fighting
   494 | D        | Reached skill level 7 in Conjurations
   494 | D        | Reached XP level 7. HP: 47/50 MP: 5/17
   497 | D        | Reached **** piety under Sif Muna
   663 | D        | Reached skill level 8 in Conjurations
   826 | D        | Noticed Terence
   828 | D        | Reached ***** piety under Sif Muna
   835 | D        | Killed Terence
   884 | D        | Noticed a wyvern
   887 | D        | Received a gift from Sif Muna
   888 | D        | Reached skill level 1 in Hexes
   888 | D        | Reached skill level 1 in Invocations
   888 | D        | Reached XP level 8. HP: 39/57 MP: 11/20
   888 | D        | Received a gift from Sif Muna
   893 | D        | Killed a wyvern
   894 | D        | Got Sif Muna's Lessons on Beguiling {god gift}
   894 | D        | Got Sif Muna's Vellum of Bitter Violence {god gift}
   905 | D        | Reached skill level 9 in Conjurations
  1029 | D        | Learned a level 3 spell: Summon Ice Beast
  1037 | D        | Learned a level 7 spell: Orb of Destruction
  1138 | D        | Learned a level 3 spell: Dazzling Flash
  1156 | D        | Noticed a freezing wraith
  1194 | D        | Noticed an orc sorcerer
  1195 | D        | Noticed a tarantella
  1199 | D        | Received a gift from Sif Muna
  1200 | D        | Noticed a kobold demonologist
  1201 | D        | Noticed a freezing wraith
  1203 | D        | Noticed an ice devil
  1211 | D        | Killed a freezing wraith
  1212 | D        | Reached skill level 1 in Staves
  1212 | D        | Reached skill level 1 in Shields
  1212 | D        | Reached skill level 1 in Summonings
  1212 | D        | Reached skill level 1 in Ice Magic
  1212 | D        | Killed a freezing wraith
  1213 | D        | Killed an orc sorcerer
  1214 | D        | Reached XP level 9. HP: 34/63 MP: 0/22
  1230 | D        | Noticed a sixfirhy
  1231 | D        | Received a gift from Sif Muna
  1254 | D        | Killed a kobold demonologist
  1255 | D        | Reached skill level 10 in Conjurations
  1359 | D        | Got Sif Muna's Willworking Continued {god gift}
  1388 | D        | Noticed an efreet
  1402 | D        | Noticed a six-headed hydra
  1405 | D        | Noticed a tyrant leech
  1410 | D        | Mangled by an efreet

Illustrated notes

Levels and vault maps discovered:
D:        pitsprint [storerooms_1, entrance_room_1, metal_vault_2, armoury_3,
          mini_pit_1, grid_room_1, main_hall_1, silver_pit, the_coven_2,
          the_vestibule_1, steel_vault_4, golden_pit, hallway_of_sentries,
          crystal_vault_1, iron_vault_5, final_vault]

Skill      XL: |  1  2  3  4  5  6  7  8  9 |
---------------+----------------------------+-----
Fighting       | 3 4 5 6 7 |  7.1
Dodging        | 4 5 6 7 |  7.5
Stealth        | 6 7 8 |  8.5
Spellcasting   | 5 7 8 9 |  9.4
Conjurations   | 5 6 7 8 9 10 | 10.0
Fire Magic     | 4 5 6 7 |  7.6
Hexes          | 1 3 |  3.0
Invocations    | 1 3 4 |  4.0
Staves         | 2 3 |  3.0
Shields        | 3 4 |  4.2
Summonings     | 2 |  2.8
Ice Magic      | 2 |  2.9

Action                     |  1- 3 |  4- 6 |  7- 9 || total
---------------------------+-------+-------+-------++-------
  Melee: Unarmed           |     7 |       |       ||     7
         Tentacles         |     4 |       |     6 ||    10
         Constrict         |     1 |       |     6 ||     7
         Quarterstaff      |       |       |    22 ||    22
   Cast: Foxfire           |     3 |     8 |    17 ||    28
         Scorch            |       |     8 |    11 ||    19
         Inner Flame       |       |     4 |    16 ||    20
         Flame Wave        |       |       |     3 ||     3
         Summon Ice Beast  |       |       |     3 ||     3
 Invoke: Channel Magic     |       |       |     2 ||     2
  Evoke: Wand              |       |       |     1 ||     1
    Use: Potion            |       |     1 |     4 ||     5
         Scroll            |       |       |     1 ||     1
   Stab: Sleeping          |       |       |     3 ||     3
 Armour: Skin              |       |    10 |    22 ||    32
  Dodge: Dodged            |       |    19 |    20 ||    39

Table legend: (Time is in decaauts)
 A = Elapsed time spent in this place.
 B = Non-inter-level travel time spent in this place.
 C = Inter-level travel time spent in this place.
 D = Time resting spent in this place.
 E = Time spent auto-exploring this place.
 F = Levels seen in this place.
 G = Mean time per level.
                   A        B        C        D        E       F      G
               +--------+--------+--------+--------+--------+-----+--------+
         Total |   1409 |   1409 |      0 |    743 |      0 |   1 | 1409.0 |
       Dungeon |   1409 |   1409 |      0 |    743 |      0 |   1 | 1409.0 |
               +--------+--------+--------+--------+--------+-----+--------+

Top non-repeatable levels by time:
       D: 1409 daAuts
